Map: Old Estate

Players

NoroCos

  • Race: Terran Terran
  • League: Silver
  • Spawn Location: 9:00

yorsh

  • Race: Protoss Protoss
  • League: Silver
  • Spawn Location: 7:00

Magnetic

  • Race: Zerg Zerg
  • Spawn Location: 7:00

Infamous

  • Race: Zerg Zerg
  • League: Gold
  • Spawn Location: 7:00

Epistemon

  • Race: Protoss Protoss
  • League: Silver
  • Spawn Location: 1:00

TotalTanks

  • Race: Terran Terran
  • Spawn Location: 3:00

KOVACHEV

  • Race: Protoss Protoss
  • Spawn Location: 3:00

DensAarn

  • Race: Zerg Zerg
  • Spawn Location: 1:00

VOD

Have the link to the VOD?

Description

Time

  • Played on: April 10, 2018, 4:22 p.m.
  • Length: 11:26
Show
View Real Time Build Order
Export as new Build Order

NoroCos Terran 

Build Orders: MMM Bio 

Get SALT Encoding   

  12  0:14  Supply Depot  
  12  0:38  Barracks  
  12  1:20  Refinery  
  12  1:24  Refinery  
  12  1:27  Supply Depot  
  12  1:28  SCV  
  13  1:40  SCV  
  14  1:49  Supply Depot  
  14  1:52  SCV  
  15  1:58  Barracks Tech Lab  
  15  2:05  SCV  
  16  2:13  Supply Depot  
  16  2:17  SCV  
  17  2:29  SCV  
  18  2:36  Bunker  
  18  2:41  SCV  
  19  2:53  SCV  
  20  3:05  SCV  
  21  3:06  Marine  
  21  3:10  Combat Shields  
  22  3:17  SCV  
  23  3:24  Marine  
  24  3:29  SCV  
  25  3:41  SCV  
  25  3:42  Marine  
  27  3:54  Command Center  
  27  4:00  Marine  
  28  4:13  Orbital Command  
  28  4:16  Factory  
  28  4:29  Stimpack  
  28  5:07  Refinery  
  28  5:24  Orbital Command  
  28  5:31  Widow Mine  
  28  5:33  Refinery  
  30  5:52  Widow Mine  
  32  6:02  Starport  
  32  6:08  SCV  
  33  6:20  SCV  
  34  6:32  SCV  
  35  6:41  Barracks  
  35  6:44  SCV  
  35  6:45  Starport Reactor  
  27  6:56  SCV  
  28  7:05  SCV  
  30  7:08  SCV  
  30  7:17  SCV  
  30  7:20  SCV  
  32  7:29  SCV  
  33  7:30  Barracks, Barracks Reactor  
  33  7:32  SCV  
  34  7:41  SCV  
  35  7:44  SCV  
  35  7:51  Medivac x2  
  40  7:53  SCV  
  40  7:56  SCV  
  42  8:05  SCV  
  43  8:09  SCV  
  44  8:17  SCV  
  44  8:19  Barracks  
  45  8:21  Medivac x2, SCV  
  45  8:25  Barracks Reactor  
  50  8:29  SCV  
  50  8:33  SCV  
  52  8:45  SCV  
  53  8:51  Medivac x2  
  57  8:57  SCV  
  58  9:03  Liberator  
  58  9:06  Barracks  
  58  9:09  SCV  
  59  9:18  Barracks Reactor  
  62  9:48  Supply Depot  
  62  9:51  Marine  
  62  9:52  Marine  
  62  9:53  Liberator  
  62  9:54  Marine  
  62  9:55  Barracks, Marine  
  61  10:07  Engineering Bay  
  61  10:09  Marine  
  61  10:10  Marine  
  61  10:12  Marine, Supply Depot  
  61  10:13  Marine  
  68  10:27  Marine  
  69  10:28  Marine  
  69  10:33  Marine x2  
  69  10:35  Supply Depot  
  72  10:43  Barracks  
  72  10:45  Marine  
  72  10:46  Marine  
  74  10:51  Marine x2  
  74  10:54  Barracks Reactor x2  
  76  10:58  Supply Depot  
Show
View Real Time Build Order
Export as new Build Order

yorsh Protoss 

Build Orders:  

Get SALT Encoding   

  12  0:02  Probe  
  13  0:14  Probe  
  14  0:23  Pylon  
  14  0:26  Probe  
  15  0:32  Assimilator  
  15  0:41  Probe  
  16  0:49  Gateway  
  16  0:53  Probe  
  17  1:05  Assimilator  
  17  1:09  Probe  
  17  1:10  Pylon  
  18  1:23  Probe  
  19  1:35  Probe  
  19  1:39  Zealot  
  22  1:41  Cybernetics Core  
  23  1:47  Probe  
  23  1:59  Probe  
  24  2:07  Zealot  
  26  2:10  Pylon  
  26  2:11  Probe  
  27  2:23  Stargate  
  27  2:28  Probe  
  27  2:29  Stargate  
  28  2:35  Zealot  
  30  2:40  Probe  
  31  2:45  Protoss Air Weapons Level 1  
  31  2:58  Probe  
  32  3:06  Void Ray  
  32  3:10  Probe  
  37  3:17  Pylon  
  37  3:22  Probe  
  38  3:38  Probe  
  38  3:39  Void Ray  
  43  3:49  Pylon  
  43  3:52  Probe  
  44  4:05  Probe  
  44  4:07  Void Ray  
  49  4:12  Pylon  
  49  4:17  Probe  
  50  4:29  Void Ray  
  54  4:31  Probe  
  55  4:48  Probe  
  56  4:54  Nexus  
  56  4:57  Void Ray  
  60  5:05  Pylon  
  60  5:10  Assimilator  
  60  5:15  Assimilator  
  60  5:19  Probe  
  61  5:24  Pylon  
  61  5:31  Probe, Protoss Air Armor Level 1  
  62  5:43  Probe  
  63  5:52  Void Ray  
  63  5:55  Probe  
  68  6:07  Probe  
  68  6:09  Probe  
  70  6:19  Probe  
  70  6:21  Probe  
  72  6:37  Probe  
  72  6:38  Void Ray  
  72  6:39  Void Ray  
  81  6:42  Probe  
  82  7:13  Probe  
  83  7:24  Stargate  
  83  7:29  Void Ray  
  87  7:30  Void Ray  
  87  7:33  Probe  
  92  7:49  Probe  
  93  7:51  Probe  
  94  7:58  Fleet Beacon  
  94  8:03  Pylon  
  94  8:06  Pylon  
  94  8:10  Pylon  
  94  8:14  Nexus  
  94  8:20  Void Ray  
  94  8:21  Void Ray  
  94  8:22  Pylon  
  102  8:36  Assimilator  
  102  8:43  Assimilator  
  102  8:53  Probe  
  102  8:54  Nexus  
  103  8:56  Void Ray  
  103  9:02  Stargate  
  107  9:03  Protoss Air Weapons Level 2  
  107  9:14  Void Ray  
  111  9:26  Void Ray  
  115  9:39  Probe  
  115  9:40  Stargate  
  116  9:51  Probe  
  117  9:53  Void Ray  
  121  10:03  Probe  
  122  10:15  Probe  
  67  10:37  Void Ray  
  67  10:38  Void Ray x2  
  73  10:51  Probe  
Show
View Real Time Build Order
Export as new Build Order

Magnetic Zerg 

Build Orders: Pool First 

Get SALT Encoding   

  12  0:23  Spawning Pool  
  12  0:27  Overlord  
  11  0:37  Overlord  
  11  0:50  Drone  
  11  0:51  Drone  
  13  1:14  Zergling x2  
  13  1:15  Zergling x4  
  16  1:28  Drone  
  17  1:39  Zergling x2  
  18  1:44  Queen  
  20  1:56  Spore Crawler  
  19  2:02  Spore Crawler  
  18  2:11  Spine Crawler  
  17  2:17  Zergling x2  
  17  2:18  Zergling x4  
  17  2:19  Queen  
  22  2:30  Drone  
  23  2:50  Drone  
  24  3:08  Drone x2  
  24  3:09  Drone x2  
  28  3:33  Extractor  
  27  3:37  Extractor  
  26  4:05  Drone  
  26  4:06  Drone, Overlord x2  
  26  4:07  Overlord  
  26  4:38  Lair  
  26  4:43  Drone x2  
  26  4:44  Drone x4  
  32  5:10  Hatchery, Roach Warren  
  30  5:15  Evolution Chamber  
  29  5:47  Nydus Network  
  28  5:50  Pneumatized Carapace  
  28  5:54  Overseer  
  28  5:57  Overseer  
  28  6:26  Spore Crawler  
  22  6:49  Spore Crawler  
  22  6:51  Spore Crawler  
  22  6:52  Spore Crawler  
  22  6:53  Spore Crawler  
  18  6:54  Spore Crawler  
  18  6:55  Spore Crawler x2  
  18  6:57  Spore Crawler  
  18  6:58  Spore Crawler  
  13  7:23  Nydus Network  
  12  7:31  Nydus Network  
  11  7:41  Drone  
  11  7:42  Drone x2  
  11  7:43  Overlord x2  
  14  7:46  Drone  
  14  7:48  Drone  
  16  7:58  Drone  
  17  8:48  Infestation Pit  
  16  8:51  Hydralisk Den  
  15  9:14  Drone x3  
  18  9:17  Queen  
  20  9:26  Zerg Missile Weapons Level 1  
  20  9:49  Drone x5  
  25  9:53  Queen  
  25  9:55  Drone  
  28  10:36  Hydralisk x2  
  28  10:37  Hydralisk  
  34  11:09  Lurker Den  
Show
View Real Time Build Order
Export as new Build Order

Infamous Zerg 

Build Orders: Hatch First 

Get SALT Encoding   

  12  0:02  Drone  
  13  0:22  Drone  
  13  0:24  Overlord  
  14  0:48  Drone  
  15  0:50  Hatchery  
  14  1:08  Spawning Pool  
  13  1:12  Drone  
  13  1:13  Drone  
  15  1:25  Drone  
  15  1:26  Drone  
  15  1:27  Extractor  
  16  1:39  Drone  
  17  1:56  Drone  
  17  1:57  Queen  
  17  2:00  Drone  
  21  2:04  Overlord  
  21  2:16  Drone x2  
  23  2:31  Drone  
  23  2:32  Drone  
  23  2:33  Drone  
  23  2:34  Queen  
  28  2:42  Queen  
  30  2:45  Drone  
  30  2:46  Drone  
  32  2:55  Metabolic Boost  
  32  3:00  Zergling x4  
  32  3:03  Drone  
  32  3:04  Drone  
  36  3:13  Overlord  
  36  3:14  Overlord  
  36  3:38  Drone x3  
  39  3:53  Queen  
  41  3:57  Drone x2  
  41  3:58  Drone x4  
  47  4:12  Drone x3  
  48  4:33  Baneling Nest  
  47  4:56  Hatchery  
  46  5:07  Overlord x2  
  46  5:08  Zergling x4  
  46  5:09  Zergling x6  
  51  5:22  Lair  
  51  5:35  Overlord x2  
  51  5:54  Zergling x8  
  51  5:55  Zergling x10  
  60  5:58  Overlord x2  
  60  6:12  Drone  
  61  6:34  Drone x5  
  66  6:45  Evolution Chamber  
  66  6:46  Evolution Chamber  
  64  6:49  Overseer  
  64  7:09  Extractor  
  64  7:15  Drone, Zergling x6  
  67  7:16  Drone x2  
  67  7:17  Drone x2  
  71  7:24  Baneling  
  71  7:25  Baneling x6  
  71  7:26  Baneling x6  
  71  7:27  Baneling x7  
  71  7:28  Baneling x4  
  71  7:41  Drone  
  71  7:42  Drone x7  
  71  7:43  Drone  
  80  8:19  Zerg Melee Weapons Level 1  
  80  8:45  Zerg Missile Weapons Level 1  
  76  9:10  Extractor  
  76  9:11  Extractor  
  76  9:14  Extractor  
  62  10:35  Zergling x2  
  62  10:36  Zergling x12  
  62  10:37  Zergling x12  
Show
View Real Time Build Order
Export as new Build Order

Epistemon Protoss 

Build Orders: 1 Gate Expand 

Get SALT Encoding   

  12  0:02  Probe (Chrono Boost)  
  14  0:14  Probe (Chrono Boost)  
  14  0:27  Pylon  
  14  0:29  Assimilator  
  14  0:32  Probe  
  15  0:45  Probe  
  16  0:54  Gateway  
  16  0:57  Probe (Chrono Boost)  
  17  1:09  Probe (Chrono Boost)  
  18  1:12  Assimilator  
  18  1:14  Probe (Chrono Boost)  
  19  1:23  Probe  
  20  1:41  Nexus  
  20  1:46  Assimilator  
  20  1:54  Assimilator  
  20  1:58  Probe (Chrono Boost)  
  22  2:10  Probe (Chrono Boost)  
  22  2:15  Probe (Chrono Boost)  
  22  2:19  Cybernetics Core  
  23  2:36  Pylon  
  23  2:53  Probe, Forge  
  24  2:58  Pylon  
  24  3:00  Probe  
  25  3:06  Probe  
  26  3:19  Pylon  
  26  3:22  Stargate  
  26  3:24  Stargate  
  26  3:29  Stargate  
  26  3:42  Probe, Photon Cannon  
  26  3:43  Probe  
  28  3:54  Probe  
  29  3:55  Probe  
  30  4:08  Stalker  
  32  4:19  Probe  
  32  4:20  Probe  
  34  4:34  Void Ray  
  34  4:35  Void Ray  
  34  4:37  Probe (Chrono Boost)  
  44  4:40  Probe (Chrono Boost)  
  44  4:48  Probe (Chrono Boost)  
  44  4:49  Probe (Chrono Boost)  
  46  4:53  Probe (Chrono Boost)  
  47  5:11  Protoss Air Weapons Level 1  
  47  5:13  Protoss Shields Level 1  
  47  5:21  Void Ray  
  47  5:25  Void Ray  
  55  6:05  Probe x2  
  57  6:17  Probe x2  
  59  6:25  Robotics Facility  
  59  6:27  Stargate  
  59  6:29  Probe x2  
  61  6:41  Probe  
  58  7:09  Void Ray  
  62  7:20  Pylon  
  62  7:21  Pylon  
  62  7:23  Pylon  
  62  7:33  Protoss Air Armor Level 1  
  62  7:38  Void Ray  
  62  7:40  Nexus  
  62  7:43  Pylon, Fleet Beacon  
  66  7:48  Pylon  
  66  8:04  Nexus  
  66  8:16  Assimilator  
  66  8:20  Assimilator  
  66  8:24  Assimilator  
  66  8:30  Assimilator  
  66  8:51  Void Ray x3  
  66  8:52  Void Ray  
  82  9:34  Void Ray x3  
  94  9:41  Cybernetics Core  
  94  9:43  Probe x4  
  94  9:44  Twilight Council  
  98  9:53  Graviton Catapult  
  98  9:55  Probe x4  
  102  10:06  Stargate  
  102  10:07  Probe x3, Stargate  
  102  10:08  Probe  
  106  10:14  Observer  
  103  10:36  Observer  
  116  11:11  Probe x2  
  116  11:12  Probe x2  
Show
View Real Time Build Order
Export as new Build Order

TotalTanks Terran 

Build Orders:  

Get SALT Encoding   

  12  0:01  SCV  
  13  0:19  Supply Depot  
  13  0:24  SCV  
  14  0:36  SCV  
  14  0:37  Refinery  
  14  0:42  Barracks  
  15  0:48  SCV  
  16  1:12  SCV  
  16  1:18  Refinery  
  17  1:24  SCV  
  18  1:29  Barracks Tech Lab  
  18  1:32  Supply Depot  
  18  1:36  SCV  
  19  1:47  Marine  
  19  1:48  SCV  
  21  2:00  SCV  
  22  2:05  Marine  
  22  2:06  Supply Depot  
  23  2:09  Stimpack  
  23  2:12  SCV  
  24  2:23  Marine  
  24  2:24  SCV  
  26  2:32  Supply Depot  
  26  2:36  Factory  
  26  2:41  Marine  
  27  2:45  Orbital Command  
  27  2:54  Engineering Bay  
  27  2:59  Marine  
  28  3:16  Marine  
  28  3:18  SCV  
  30  3:22  Starport  
  30  3:30  Supply Depot, SCV  
  30  3:32  Factory Tech Lab  
  31  3:34  Marine  
  32  3:42  SCV  
  33  3:49  Terran Infantry Weapons Level 1  
  33  3:52  Marine  
  34  3:58  Starport Tech Lab  
  34  4:01  Siege Tank  
  37  4:03  SCV  
  38  4:16  SCV  
  39  4:28  Command Center, Marauder  
  41  4:44  Sensor Tower  
  41  4:46  Medivac  
  41  4:49  Marauder  
  45  4:54  Barracks  
  45  4:59  Liberator  
  45  5:07  Armory  
  45  5:10  Missile Turret  
  48  5:23  Fusion Core  
  48  5:29  Marauder  
  50  5:40  Missile Turret  
  50  5:42  Missile Turret  
  50  5:43  Barracks Tech Lab  
  50  5:50  Marauder  
  52  6:10  Advanced Ballistics  
  52  6:11  Marine  
  53  7:14  Starport  
  53  7:17  Starport  
  53  7:20  Starport, SCV  
  54  7:32  SCV  
  55  7:44  SCV  
  55  7:47  Missile Turret  
  56  7:51  Missile Turret  
  56  7:56  SCV  
  57  8:02  Marine x2  
  57  8:04  Starport Tech Lab x2  
  59  8:12  Starport Tech Lab  
  60  8:15  Refinery  
  60  8:17  Refinery  
  60  8:18  Planetary Fortress  
  59  8:20  Marauder x2  
  63  8:41  Marine, Battlecruiser  
  70  8:51  Supply Depot  
  70  8:56  Marine, SCV  
  70  8:59  Marine  
  70  9:02  Missile Turret  
  73  9:08  SCV  
  74  9:14  Marine  
  74  9:15  Supply Depot  
  75  9:20  SCV  
  75  9:22  Missile Turret  
  76  9:29  Battlecruiser  
  82  9:33  SCV  
  82  9:38  Marine x2, Supply Depot  
  85  9:42  Missile Turret  
  85  9:45  SCV  
  86  9:55  Marine  
  86  9:56  Marine  
  88  10:02  Missile Turret  
  88  10:04  Battlecruiser  
  94  10:10  Supply Depot  
  94  10:11  SCV  
  95  10:23  SCV  
  94  10:35  SCV  
  95  10:39  Marine x2  
  95  10:42  Medivac x2  
  101  10:47  SCV  
  102  10:56  Supply Depot  
  102  10:57  Marine x2  
  102  10:59  SCV  
  107  11:19  Supply Depot  
Show
View Real Time Build Order
Export as new Build Order

KOVACHEV Protoss 

Build Orders: Forge Fast Expand (FFE) 

Get SALT Encoding   

  12  0:01  Probe (Chrono Boost)  
  13  0:11  Probe (Chrono Boost)  
  14  0:24  Pylon  
  14  0:31  Probe  
  15  0:51  Forge  
  15  0:52  Probe (Chrono Boost)  
  16  1:04  Probe (Chrono Boost)  
  17  1:26  Probe  
  17  1:27  Nexus  
  17  1:29  Pylon  
  18  1:38  Probe  
  19  1:46  Photon Cannon  
  19  1:51  Probe  
  19  1:52  Photon Cannon  
  20  2:04  Probe (Chrono Boost)  
  21  2:13  Probe (Chrono Boost)  
  22  2:57  Nexus  
  22  3:01  Nexus  
  22  3:03  Assimilator  
  22  3:04  Assimilator  
  22  3:05  Pylon  
  22  3:11  Pylon  
  22  3:12  Probe (Chrono Boost), Pylon  
  23  3:21  Probe (Chrono Boost)  
  23  3:26  Probe (Chrono Boost)  
  25  3:38  Probe  
  26  3:50  Probe (Chrono Boost)  
  26  3:52  Photon Cannon  
  26  3:54  Photon Cannon  
  27  4:02  Probe (Chrono Boost)  
  28  4:03  Photon Cannon  
  28  4:06  Photon Cannon  
  28  4:08  Probe (Chrono Boost)  
  29  4:12  Probe (Chrono Boost)  
  29  4:16  Probe (Chrono Boost)  
  31  4:18  Gateway  
  31  4:20  Probe (Chrono Boost)  
  33  4:25  Probe (Chrono Boost)  
  33  4:28  Probe (Chrono Boost)  
  33  4:29  Probe (Chrono Boost)  
  35  4:34  Probe (Chrono Boost)  
  35  4:37  Probe (Chrono Boost)  
  35  4:38  Probe (Chrono Boost)  
  38  4:41  Probe (Chrono Boost)  
  38  4:42  Assimilator  
  39  4:46  Assimilator  
  39  4:47  Probe (Chrono Boost)  
  40  4:56  Probe (Chrono Boost)  
  40  4:57  Probe (Chrono Boost)  
  40  4:58  Probe (Chrono Boost)  
  43  5:01  Probe (Chrono Boost), Assimilator  
  43  5:04  Probe (Chrono Boost)  
  43  5:05  Probe (Chrono Boost), Assimilator  
  46  5:08  Probe (Chrono Boost)  
  47  5:15  Cybernetics Core  
  47  5:17  Probe (Chrono Boost)  
  47  5:18  Probe (Chrono Boost)  
  49  5:24  Probe (Chrono Boost)  
  49  5:27  Probe x2 (Chrono Boost)  
  52  5:32  Probe (Chrono Boost)  
  52  5:34  Probe x2 (Chrono Boost)  
  55  5:38  Probe (Chrono Boost)  
  55  5:40  Assimilator  
  56  5:43  Probe (Chrono Boost)  
  56  5:44  Assimilator  
  56  5:48  Probe (Chrono Boost)  
  56  5:49  Probe (Chrono Boost)  
  60  5:52  Probe (Chrono Boost)  
  60  5:53  Probe (Chrono Boost)  
  60  5:56  Probe x2 (Chrono Boost)  
  63  5:57  Probe (Chrono Boost)  
  63  6:00  Probe  
  65  6:07  Probe (Chrono Boost)  
  65  6:09  Probe (Chrono Boost)  
  65  6:11  Pylon, Probe (Chrono Boost)  
  68  6:13  Pylon  
  68  6:14  Probe (Chrono Boost)  
  69  6:19  Probe (Chrono Boost)  
  69  6:23  Probe (Chrono Boost)  
  73  6:25  Probe (Chrono Boost)  
  73  6:27  Probe (Chrono Boost)  
  73  6:28  Probe (Chrono Boost)  
  73  6:31  Probe (Chrono Boost)  
  76  6:33  Probe (Chrono Boost)  
  76  6:36  Probe x2 (Chrono Boost)  
  76  6:37  Probe (Chrono Boost)  
  76  6:39  Probe (Chrono Boost)  
  80  6:42  Stargate  
  80  6:45  Probe x2, Stargate  
  80  6:46  Probe  
  80  6:47  Stargate  
  83  6:49  Stargate x2  
  83  6:50  Probe  
  83  6:51  Stargate  
  83  6:53  Stargate x2  
  84  6:57  Probe, Stargate  
  84  6:58  Probe  
  86  7:04  Robotics Facility  
  86  7:07  Pylon  
  86  7:08  Pylon x2  
  86  7:09  Probe  
  86  7:10  Pylon  
  87  7:22  Stargate  
  87  7:35  Fleet Beacon  
  87  8:20  Carrier x2 (Chrono Boost)  
  87  8:21  Carrier x2 (Chrono Boost)  
  87  8:22  Carrier x3 (Chrono Boost)  
  87  8:23  Carrier (Chrono Boost)  
  141  8:43  Carrier (Chrono Boost)  
  141  8:45  Pylon  
  141  8:46  Pylon, Carrier (Chrono Boost)  
  147  8:48  Pylon  
  147  8:49  Pylon x2  
  147  8:50  Pylon x2  
  147  8:53  Pylon  
  147  8:56  Protoss Shields Level 1  
  147  9:42  Carrier (Chrono Boost)  
  147  9:50  Carrier x2 (Chrono Boost)  
  147  9:52  Carrier (Chrono Boost)  
  165  9:55  Carrier  
  183  10:22  Observer  
  196  10:43  Observer  
Show
View Real Time Build Order
Export as new Build Order

DensAarn Zerg 

Build Orders: Hatch First, Lurkers 

Get SALT Encoding   

  12  0:01  Drone  
  13  0:12  Overlord  
  13  0:18  Drone  
  14  0:31  Drone x2  
  16  0:38  Drone  
  17  0:47  Drone  
  18  1:00  Drone, Hatchery  
  18  1:07  Extractor  
  17  1:17  Spawning Pool  
  16  1:19  Drone  
  16  1:23  Drone  
  18  1:30  Drone  
  19  1:49  Overlord  
  19  1:52  Drone  
  20  2:14  Hatchery  
  19  2:25  Drone  
  19  2:26  Queen x2  
  19  2:27  Drone  
  25  2:32  Metabolic Boost  
  25  2:39  Drone  
  25  2:40  Drone  
  27  2:44  Drone  
  28  2:55  Drone x3  
  28  2:56  Drone  
  32  2:59  Drone  
  32  3:03  Overlord  
  33  3:15  Drone x2  
  33  3:19  Lair  
  35  3:23  Drone  
  36  3:30  Drone x3  
  36  3:32  Queen  
  41  3:37  Drone  
  41  3:38  Extractor  
  41  3:50  Drone  
  41  3:51  Drone x3  
  41  3:54  Spore Crawler  
  44  3:56  Spore Crawler  
  44  3:58  Drone  
  44  4:00  Drone x5  
  49  4:08  Drone  
  50  4:11  Overlord x2  
  50  4:17  Hydralisk Den  
  49  4:24  Drone  
  50  4:31  Drone x8  
  58  4:45  Pneumatized Carapace  
  58  4:46  Overlord  
  58  4:49  Grooved Spines  
  58  4:51  Drone  
  58  4:52  Drone x2, Extractor x2  
  60  4:53  Drone x5  
  60  4:56  Extractor  
  60  4:57  Extractor, Spore Crawler  
  61  5:08  Drone  
  61  5:09  Drone  
  61  5:10  Evolution Chamber x2  
  61  5:13  Hatchery  
  60  5:16  Drone  
  60  5:17  Drone x3  
  60  5:18  Drone  
  60  5:20  Drone  
  66  5:22  Overlord  
  66  5:26  Overlord  
  66  5:29  Drone x3  
  66  5:30  Drone  
  66  5:31  Drone  
  66  5:32  Drone  
  72  5:41  Zerg Ground Armor Level 1, Zerg Missile Weapons Level 1  
  72  5:43  Hydralisk x2  
  72  5:44  Hydralisk  
  72  5:46  Hydralisk  
  72  5:49  Hydralisk  
  82  5:59  Lurker Den  
  81  6:09  Hydralisk  
  81  6:10  Hydralisk x2  
  87  6:25  Hydralisk x4  
  87  6:28  Overlord x5  
  87  6:29  Overseer  
  87  6:30  Overseer  
  95  6:35  Muscular Augments  
  95  6:47  Drone x2  
  95  6:53  Hydralisk x6  
  103  6:54  Hydralisk  
  103  6:56  Zergling x20  
  103  6:57  Zergling x2  
  122  7:18  Overlord  
  122  7:19  Hydralisk x5, Overlord x2  
  132  7:36  Zerg Missile Weapons Level 2  
  132  7:37  Infestation Pit  
  132  7:39  Zerg Ground Armor Level 2  
  132  7:41  Zergling x6  
  132  7:42  Zergling x18  
  143  7:46  Lurker  
  144  7:52  Overseer  
  144  7:57  Lurker  
  145  8:01  Lurker  
  146  8:14  Overlord  
  146  8:15  Overlord x2  
  146  8:18  Hydralisk x5  
  156  9:00  Lurker x4  
  156  9:02  Hydralisk x7, Zergling x10  
  179  9:51  Hydralisk x2  
  183  9:55  Hive  
  183  9:56  Spire, Overlord x4  
  169  10:41  Hydralisk x10  
  169  10:42  Hydralisk x5  
Tags
 
Add a new tag
Caveats
  • Supply blocks, unpowered buildings, or Contaminate may cause inaccurate times.
  • Supply counts are checked every 10 seconds.